AoeStats
← unfathomd

Black Forest

506313390Analyzed
2v2 RM · 17d ago on Sep 13, 2026· 57m 20s· 4 players
Game mode
Random Map
Map size
Medium (4 player)
Population
200
Speed
Normal
Resources
Standard
Victory
Conquest
Starting age
Dark Age
Ending age
Imperial Age
RankedLock teamsTeams togetherTeam positionsShared explorationLock speedFull tech treeHidden civsTurbo modeCheats
Victory
Defeat
🇺🇸 Celts · United States
656
+6
🇺🇸 Celts · United States
602
+7
🇮🇳 Franks · India
409
-7
🇮🇳 Persians · India
369
-6
unfathomd
13:52 Feudal Age
14:25 Double-Bit Axe
15:19 Wheelbarrow
24:48 Castle Age
23:41 Gold Mining
23:49 Stone Mining
26:38 Scale Barding Armor
27:28 Bow Saw
27:58 Gold Shaft Mining
36:51 Imperial Age
34:39 Hand Cart
34:11 Town Watch
36:32 #83
37:24 Chain Barding Armor
37:17 Forging
37:42 Husbandry
38:16 Ballistics
38:24 Caravan
39:27 Conscription
40:17 Loom
41:17 Cavalier
42:12 Elite Throwing Axeman
42:52 Chivalry
43:41 Town Patrol
44:51 Hoardings
48:10 Heavy Scorpion
50:00 Chemistry
49:41 Capped Ram
tensorstage
1:48 Loom
9:26 Feudal Age
10:05 Town Watch
11:23 Double-Bit Axe
11:38 Horse Collar
13:29 Wheelbarrow
23:35 Castle Age
24:05 Town Patrol
24:23 Hand Cart
29:40 Bow Saw
29:38 Heavy Plow
33:35 Gold Mining
33:36 Stone Mining
37:51 Imperial Age
36:19 Forging
36:10 Scale Mail Armor
36:12 Padded Archer Armor
36:30 Scale Barding Armor
36:19 Fletching
38:32 Chain Mail Armor
38:53 Iron Casting
38:37 Leather Archer Armor
39:03 Thumb Ring
38:19 Crossbowman
39:12 Kamandaran
39:24 Citadels
39:35 Conscription
43:05 Crop Rotation
43:52 Two-Man Saw
44:43 Bloodlines
43:54 Light Cavalry
44:11 Sappers
45:17 Hoardings
45:51 Blast Furnace
45:22 Plate Mail Armor
45:14 Chain Barding Armor
44:59 Bodkin Arrow
45:54 Ring Archer Armor
48:07 Chemistry
47:28 Ballistics
46:59 Heated Shot
47:20 Masonry
47:05 Guard Tower
47:26 Murder Holes
48:01 Hussar
SafariMan252
0:31 Loom
14:39 Feudal Age
19:41 Castle Age
17:41 Double-Bit Axe
18:45 Horse Collar
19:05 Stone Mining
19:28 Gold Mining
21:36 Heavy Plow
28:52 Bow Saw
29:25 Gold Shaft Mining
31:39 Caravan
35:21 Imperial Age
34:34 Ballistics
35:15 Forging
35:06 Scale Mail Armor
38:16 Chemistry
36:42 Heavy Scorpion
37:34 Furor Celtica
37:34 Siege Engineers
38:41 Conscription
38:55 Murder Holes
39:10 Pikeman
39:10 Man-at-Arms
39:36 Gambesons
39:37 Arson
41:23 Halberdier
42:43 Iron Casting
42:23 Chain Mail Armor
42:26 Masonry
44:07 Stronghold
44:58 Hoardings
43:56 Sappers
46:41 Elite Woad Raider
51:37 Blast Furnace
51:08 Plate Mail Armor
JP Captain
0:28 Loom
13:27 Feudal Age
19:15 Castle Age
22:09 Horse Collar
22:32 Double-Bit Axe
27:45 Bow Saw
29:38 Heavy Plow
30:00 Gold Mining
30:20 Stone Mining
32:48 Wheelbarrow
37:34 Imperial Age
35:17 Scale Mail Armor
36:11 Hand Cart
37:45 Pikeman
38:44 Chain Mail Armor
38:40 Forging
39:41 Gold Shaft Mining
38:58 Heavy Scorpion
40:15 Plate Mail Armor
40:47 Chemistry
39:53 Siege Engineers
39:26 Halberdier
40:33 Conscription
42:29 Iron Casting
42:46 Furor Celtica
44:23 Caravan
46:43 Elite Skirmisher
46:55 Onager
Connection lost

Rejoining the realm…

Still unreachable

The connection could not be restored.

Session expired

The server has moved on; the page needs a fresh start.